 Dungeon Crawl Stone Soup version 0.29.1-13-g9f3cf754e1 (webtiles) character file.

Game seed: 3119601517859356230

116 DemonSlayer the Digger (level 4, -2/30 HPs)
             Began as a Demonspawn Earth Elementalist on Feb 12, 2023.
             Was an Initiate of Cheibriados.
             Slain by an ogre
             ... wielding a +0 giant spiked club
              (32 damage)
             ... on level 4 of the Dungeon.
             The game lasted 00:06:06 (3856 turns).

DemonSlayer the Digger (DsEE)                       Turns: 3856, Time: 00:06:07

Health: -2/30      AC:  3    Str: 11    XL:     4   Next: 69%
Magic:  6/8        EV: 12    Int: 17    God:    Cheibriados [......]
Gold:   190        SH:  0    Dex: 15    Spells: 1/9 levels left

rFire   + . .      SeeInvis .   b - +1 short sword (elec)
rCold   . . .      Faith    .   (no shield)
rNeg    . . .      Spirit   .   a - +0 robe
rPois   +          Reflect  .   (no helmet)
rElec   .          Harm     .   o - +0 cloak
rCorr   .          Rampage  .   (no gloves)
Will    .....                   (no boots)
Stlth   ++........              (no amulet)
HPRegen 0.10/turn               h - ring of poison resistance
MPRegen 0.11/turn               m - ring of protection from fire

@: very slow
A: demonic guardian 1
a: Renounce Religion


You were on level 4 of the Dungeon.
You worshipped Cheibriados.
Cheibriados was noncommittal.
You visited 1 branch of the dungeon, and saw 4 of its levels.

You collected 190 gold pieces.

Inventory:

Hand Weapons
 b - a +1 short sword of electrocution (weapon)
Armour
 a - a +0 robe (worn)
 o - a +0 cloak (worn)
Jewellery
 g - a ring of positive energy
 h - a ring of poison resistance (left hand)
 m - a ring of protection from fire (right hand)
Wands
 r - a wand of digging (5)
 w - a wand of charming (9)
Scrolls
 c - 2 scrolls of blinking {unknown}
 d - 3 scrolls of identify {unknown}
 j - 2 scrolls of poison {unknown}
 l - a scroll of fear {unknown}
 n - 3 scrolls of teleportation {unknown}
 p - a scroll of amnesia {unknown}
 v - a scroll of enchant weapon {unknown}
 x - a scroll of acquirement {unknown}
Potions
 e - a potion of berserk rage {unknown}
 f - a potion of brilliance {unknown}
 i - 2 potions of curing {unknown}
 k - a potion of resistance {unknown}
 q - a potion of degeneration {unknown}
 s - a potion of might {unknown}
 t - a potion of haste {unknown}
 u - a potion of heal wounds {unknown}


   Skills:
 + Level 0.1 Short Blades
 + Level 1.9 Dodging
 + Level 1.9 Stealth
 + Level 3.2 Spellcasting
 + Level 0.8 Transmutations
 + Level 4.0 Earth Magic


You had one spell level left.
You knew the following spells:

 Your Spells              Type           Power      Damage    Failure   Level
a - Sandblast             Erth           32%        2d9       3%          1
b - Stone Arrow           Conj/Erth      18%        3d8       22%         3
c - Petrify               Tmut/Erth      11%        N/A       52%         4

Your spell library contained the following spells:

 Spells                   Type           Power      Damage    Failure   Level
 Apportation              Tloc           4%         N/A       17%         1
 Necrotise                Necr           8%         1d4       17%         1
 Summon Small Mammal      Summ           8%         N/A       17%         1
 Passwall                 Tmut/Erth      9%         N/A       10%         2
 Wereblood                Tmut           5%         N/A       19%         2
 Sublimation of Blood     Necr           2%         N/A       26%         2
 Ozocubu's Armour         Ice            2%         N/A       45%         3
 Ozocubu's Refrigeration  Ice            1%         4d7       100%        7
 Summon Hydra             Summ           1%         N/A       100%        7


Dungeon Overview and Level Annotations

Branches:
Dungeon (4/15)             Temple (0/1) D:4

Altars:
Cheibriados
Hepliaklqana
Nemelex Xobeh
Xom

Annotations:
D:4 2 transporters


Innate Abilities, Weirdness & Mutations

A weak demonic guardian rushes to your aid.


Message History

Confirm with . or Enter, or press ? or * to list all spells.
Aiming: Sandblast (safe; 3% risk of failure)
Press: ? - help, Shift-Dir - straight line, f/p - iguana
Aim: an iguana (almost dead, 84% to hit)
You miscast Sandblast.
You are very lightly contaminated with residual magic.
Nothing appears to happen.
The iguana closely misses you.
Casting: Sandblast (safe; 3% risk of failure)
Confirm with . or Enter, or press ? or * to list all spells.
Aiming: Sandblast (safe; 3% risk of failure)
Press: ? - help, Shift-Dir - straight line, f/p - iguana
Aim: an iguana (almost dead, 84% to hit)
The blast of sand hits the iguana but does no damage.
The iguana is almost dead.
The iguana closely misses you.
The iguana bites you but does no damage.
Casting: Sandblast (safe; 3% risk of failure)
Confirm with . or Enter, or press ? or * to list all spells.
Aiming: Sandblast (safe; 3% risk of failure)
Press: ? - help, Shift-Dir - straight line, f/p - iguana
Aim: an iguana (almost dead, 84% to hit)
The blast of sand hits the iguana!
You kill the iguana!
Cheibriados appreciates the change of pace.
Your Earth Magic skill increases to level 4!
Your magical contamination has completely faded away.
HP restored.
You see here an iguana corpse.
An ogre comes into view. It is wielding a +0 giant spiked club.
The ogre shouts!
An ogre is nearby!
An ogre is nearby!
An ogre is nearby!
The blast of sand hits the ogre!
The ogre is heavily wounded.
The blast of sand hits the ogre!
The ogre is severely wounded.
The ogre hits you with a +0 giant spiked club!!
Ouch! That really hurt!
You die...

## ###########
.#######.........#
.........#######.#
########## #†# #.#
### #.# .. # #@#
.##.# #O# ..#)#
#.# ....# ...
..#.# #.. ..#.#
....!.# ....#
......# ..### #
......#
..#######... #.#


You could see an ogre.

Vanquished Creatures
  An iguana (D:4)
  2 adders
  4 dart slugs
  An orc (D:3)
  2 ball pythons
  6 endoplasms
  A giant cockroach (D:3)
  5 goblins
  9 hobgoblins
  4 jackals (D:1)
  3 quokkas
  A bat (D:3)
  A frilled lizard (D:1)
  10 kobolds
  8 rats
58 creatures vanquished.

Notes
Turn   | Place    | Note
-------+----------+-------------------------------------------
     0 | D:1      | DemonSlayer the Demonspawn Earth Elementalist began the
                  | quest for the Orb.
     0 | D:1      | Reached XP level 1. HP: 13/13 MP: 3/3
   166 | D:1      | Reached skill level 3 in Earth Magic
   243 | D:1      | Gained mutation: A weak demonic guardian rushes to your
                  | aid. [demonic ancestry]
   243 | D:1      | Reached XP level 2. HP: 16/19 MP: 0/5
   660 | D:1      | Reached XP level 3. HP: 22/24 MP: 3/6
  1371 | D:1      | Learned a level 3 spell: Stone Arrow
  1424 | D:2      | Found a faded altar of an unknown god.
  1821 | D:2      | Found a hazy altar of Hepliaklqana.
  1825 | D:2      | You fall into a shaft and drop 2 floors!
  2417 | D:3      | Reached XP level 4. HP: 30/30 MP: 4/8
  2530 | D:3      | Found a snail-covered altar of Cheibriados.
  2584 | D:3      | Found a sparkling altar of Nemelex Xobeh.
  2588 | D:3      | Became a worshipper of Cheibriados the Contemplative
  2592 | D:3      | Found a shimmering altar of Xom.
  3301 | D:3      | Learned a level 4 spell: Petrify
  3336 | D:4      | Found a transporter.
  3364 | D:4      | Found a transporter.
  3546 | D:4      | Found a staircase to the Ecumenical Temple.
  3650 | D:4      | Reached skill level 4 in Earth Magic
  3853 | D:4      | Noticed an ogre
  3856 | D:4      | Slain by an ogre

Illustrated notes

Levels and vault maps discovered:
D:1:      spicycebolla_green_bress_n_ham_2, layout_loops_ring, chequers_jeans
D:2:      layout_basic, ebering_ecumenical_altar_ruins, basic_altar,
          kennysheep_another_room
D:3:      layout_loops_corners, minitemple
D:4:      gammafunk_steamed_eel, layout_loops_ring,
          minmay_temple_entry_large_hall

Skill      XL: |  1  2  3  4 |
---------------+-------------+-----
Earth Magic    | 3 4 |  4.0
Spellcasting   | 3 |  3.2
Short Blades   | |  0.1
Dodging        | |  1.9
Stealth        | |  1.9
Transmutations | |  0.8

Action                   |  1- 3 |  4- 6 || total
-------------------------+-------+-------++-------
Melee: Short sword       |    12 |       ||    12
 Cast: Sandblast         |    60 |    21 ||    81
  Use: Potion            |     1 |       ||     1
Armor: Robe              |     7 |     2 ||     9
Dodge: Dodged            |    28 |     6 ||    34
